 Dungeon Crawl Stone Soup version 0.27-a0-448-gace5c5693b (webtiles) character file.

Game seed: 4962743210304450776

37 jasper the Sneak (level 3, 0/18 HPs)
             Began as a Spriggan Brigand on Feb 28, 2021.
             Succumbed to an adder's poison
             ... on level 2 of the Dungeon.
             The game lasted 00:01:25 (835 turns).

jasper the Sneak (Spriggan Brigand)                  Turns: 835, Time: 00:01:26

Health: 0/18       AC:  3    Str:  7    XL:     3   Next: 23%
Magic:  4/4        EV: 21    Int: 12    God:
Gold:   48         SH:  0    Dex: 17    Spells: 2/2 levels left

rFire    . . .     SeeInvis +   a - +2 dagger
rCold    . . .     Faith    .   (shield restricted)
rNeg     . . .     Spirit   .   b - +0 robe
rPois    .         Reflect  .   (helmet restricted)
rElec    .         Harm     .   c - +0 cloak
rCorr    .         Rampage  .   (gloves unavailable)
Will     .....                  (boots unavailable)
Stlth    +++.......             o - amulet of magic regeneration
HPRegen  0.06/turn              n - +4 ring of evasion
MPRegen  0.34/turn              (no ring)

@: lethally poisoned (0 -> -5), very quick
A: very small, unfitting armour, see invisible, speed 3
a: no special abilities


You were on level 2 of the Dungeon.
You visited 1 branch of the dungeon, and saw 2 of its levels.

You collected 48 gold pieces.

Inventory:

Hand Weapons
 a - a +2 dagger (weapon)
Missiles
 d - 2 poisoned darts (quivered)
 e - 2 curare-tipped darts
 f - 109 stones
Armour
 b - a +0 robe (worn)
 c - a +0 cloak (worn)
Jewellery
 n - a +4 ring of evasion (left hand)
 o - an amulet of magic regeneration (around neck)
Scrolls
 g - 2 scrolls of magic mapping {unknown}
 h - 2 scrolls of enchant weapon {unknown}
 i - a scroll of fear {unknown}
 j - a scroll of amnesia {unknown}
 k - a scroll of identify {unknown}
 l - a scroll of blinking {unknown}


   Skills:
 + Level 1.9 Fighting
 * Level 3.1 Short Blades
 - Level 2.0 Throwing
 + Level 2.2 Dodging
 + Level 6.2 Stealth


You had 2 spell levels left.
You didn't know any spells.
Your spell library was empty.

Dungeon Overview and Level Annotations

Branches:
Dungeon (2/15)

Altars:


Innate Abilities, Weirdness & Mutations

You are very small and have problems with some larger weapons.
You are too small for most types of armour.
You have supernaturally acute eyesight. (SInv)
You cover ground extremely quickly.


Message History

The adder closely misses you.
You hit the adder.
The adder is severely wounded.
You feel sick. The adder completely misses you.
You take 1 damage, and have 8/18 hp.
You closely miss the adder.
The adder is severely wounded.
You feel sick. The adder misses you.
You take 1 damage, and have 7/18 hp.
You miss the adder.
The adder is severely wounded.
The adder closely misses you.
You hit the adder.
You kill the adder!
You feel sick.
You take 1 damage, and have 6/18 hp.
It was a potion of cancellation.
You feel magically purged.
* * * LOW HITPOINT WARNING * * *
You feel sick.
You take 1 damage, and have 5/18 hp.
You see here 2 poisoned darts.
* * * LOW HITPOINT WARNING * * *
You feel sick.
You take 1 damage, and have 4/18 hp.
Found a stone staircase leading up.
* * * LOW HITPOINT WARNING * * *
You feel sick.
You take 1 damage, and have 3/18 hp.
* * * LOW HITPOINT WARNING * * *
You feel sick.
You take 1 damage, and have 3/18 hp.
Found 14 gold pieces.
A bat comes into view.
* * * LOW HITPOINT WARNING * * *
You feel sick.
You take 1 damage, and have 2/18 hp.
* * * LOW HITPOINT WARNING * * *
You feel sick.
You take 1 damage, and have 1/18 hp.
You die...

#................
#................
#...........$....
#########.......##
#.............#b#
####.#.#.##....#
#.......###
#.#.......
#@#.....###
#.#.##..# #....
..# ..#.. .. #.#..
#.# .. #.# ... ###
..#


There were no monsters in sight!

Vanquished Creatures
  An adder (D:2)
  An ooze (D:1)
  4 bats (D:1)
  5 goblins
  4 hobgoblins
  5 kobolds (D:1)
  2 frilled lizards (D:1)
  3 rats (D:1)
25 creatures vanquished.

Notes
Turn   | Place    | Note
-------+----------+-------------------------------------------
     0 | D:1      | jasper the Spriggan Brigand began the quest for the Orb.
     0 | D:1      | Reached XP level 1. HP: 10/10 MP: 2/2
    74 | D:1      | Reached skill level 6 in Stealth
   137 | D:1      | Reached XP level 2. HP: 15/15 MP: 3/3
   802 | D:2      | Reached XP level 3. HP: 15/18 MP: 4/4
   835 | D:2      | Succumbed to an adder's poison

Illustrated notes

Levels and vault maps discovered:
D:1:      lightli_arrival_maybe_door_vault, layout_loops_ring,
          serial_park_tiny_2
D:2:      layout_basic, nicolae_ru_the_path_less_chosen, xom_butterflies

Skill      XL: |  1  2 |
---------------+-------+-----
Stealth        | 6 |  6.2
Dodging        | 2 |  2.2
Short Blades   | 3 |  3.1
Fighting       | |  1.9
Throwing       | |  2.0

Action                   || total
-------------------------++-------
Melee: Dagger            ||    59
Throw: Dart              ||    14
  Use: Potion            ||     1
 Stab: Sleeping          ||     5
Dodge: Dodged            ||    36

Table legend: (Time is in decaauts)
 A = Elapsed time spent in this place.
 B = Non-inter-level travel time spent in this place.
 C = Inter-level travel time spent in this place.
 D = Time resting spent in this place.
 E = Time spent auto-exploring this place.
 F = Levels seen in this place.
 G = Mean time per level.
                   A        B        C        D        E       F      G
               +--------+--------+--------+--------+--------+-----+--------+
         Total |    564 |    550 |     14 |      0 |    397 |   2 |  282.0 |
       Dungeon |    564 |    550 |     14 |      0 |    397 |   2 |  282.0 |
               +--------+--------+--------+--------+--------+-----+--------+

Top non-repeatable levels by time:
     D:1: 512 daAuts
     D:2: 52 daAuts
